| TOP OF THE 1ST |
|
Boise Hawks batting - Pitching for Cincinnati (NYP) Reds : LHP Brett Grijalva
|
|
Pitching: LHP Brett Grijalva
|
|
|
Batting: LHB Jerry Santana
|
0-0: Called Strike 0-1: Ball 1-1: Called Strike 1-2: Strikes out swinging
|
|
Batting: SHB Justin Jackson
|
0-0: Ball 1-0: Called Strike 1-1: Ground out 5-3 (Groundball, 56, EV 106.9 MPH)
|
|
Batting: RHB Andy Rayer
|
0-0: Ball 1-0: Ball 2-0: Foul Ball, location: 2F 2-1: Ball 3-1: Foul Ball, location: 2F 3-2: Strikes out looking
|
| Top of the 1st over - 0 runs, 0 hits, 0 errors, 0 left on base; Boise 0 - Cincinnati (NYP) 0 |
| BOTTOM OF THE 1ST |
|
Cincinnati (NYP) Reds batting - Pitching for Boise Hawks : RHP Julio Marquez
|
|
Pitching: RHP Julio Marquez
|
|
|
Batting: RHB Randy Grewe
|
0-0: Called Strike 0-1: SINGLE (Line Drive, 8RS, EV 97.5 MPH)
|
|
Batting: RHB Cyd Carver
|
0-0: Ball Randy Grewe steals 2nd base 1-0: Called Strike 1-1: Ball 2-1: Ball 3-1: Swinging Strike 3-2: Fly out, F7 (Flyball, 7, EV 89.4 MPH)
|
|
Batting: LHB Brian Dickeson
|
0-0: Ball 1-0: Ball 2-0: Ball 3-0: Called Strike 3-1: Base on Balls
|
|
Batting: SHB Tim Utz
|
0-0: Called Strike 0-1: Ball 1-1: Swinging Strike 1-2: Foul Ball, location: 2F 1-2: Ball 2-2: Fly out, F8 (Flyball, 78S, EV 93.8 MPH)
|
|
Batting: SHB Cesar Pelayo
|
0-0: Ball 1-0: Ball 2-0: DOUBLE (Line Drive, 9LD, EV 104.4 MPH) Randy Grewe scores Brian Dickeson to third Runner from 3rd tries for Home, SAFE, throw by RF to trailing runner, SAFE at third!
|
|
Batting: RHB Tony Diaz
|
0-0: Called Strike 0-1: Foul Ball, location: 2F 0-2: Reached on error, E6 (Groundball, 6, EV 110.0 MPH) Cesar Pelayo scores
|
|
Batting: RHB Yasusaburo Kuwahara
|
0-0: Ball 1-0: Swinging Strike 1-1: Foul Ball, location: 2F 1-2: Strikes out looking
|
| Bottom of the 1st over - 3 runs, 2 hits, 1 error, 1 left on base; Boise 0 - Cincinnati (NYP) 3 |
| TOP OF THE 2ND |
|
Boise Hawks batting - Pitching for Cincinnati (NYP) Reds : LHP Brett Grijalva
|
|
Batting: SHB Chris Besselman
|
0-0: Ball 1-0: Foul Ball, location: 2F 1-1: Ball 2-1: Foul Ball, location: 2F 2-2: Strikes out swinging
|
|
Batting: RHB Wali Mulogo
|
0-0: Ball 1-0: Ball 2-0: Called Strike 2-1: Foul Ball, location: 2F 2-2: Strikes out swinging, 2-3 out at first.
|
|
Batting: LHB Georges Lambert
|
0-0: Swinging Strike 0-1: Ball 1-1: Ground out 4-3 (Groundball, 4, EV 107.5 MPH)
|
| Top of the 2nd over - 0 runs, 0 hits, 0 errors, 0 left on base; Boise 0 - Cincinnati (NYP) 3 |
| BOTTOM OF THE 2ND |
|
Cincinnati (NYP) Reds batting - Pitching for Boise Hawks : RHP Julio Marquez
|
|
Batting: LHB Akira Yamano
|
0-0: Ball 1-0: Ball 2-0: Called Strike 2-1: Ball 3-1: Fly out, F8 (Flyball, 8LD, EV 100.0 MPH)
|
|
Batting: RHB R.J. Romberg
|
0-0: Ball 1-0: Swinging Strike 1-1: Ball 2-1: Swinging Strike 2-2: Foul Ball, location: 2F 2-2: Foul Ball, location: 2F 2-2: Ball 3-2: Strikes out looking
|
|
Batting: RHB Randy Grewe
|
0-0: Ball 1-0: Foul Ball, location: 2F 1-1: Ball 2-1: Ball 3-1: Base on Balls
|
|
Batting: RHB Cyd Carver
|
0-0: Called Strike Randy Grewe steals 2nd base 0-1: Fly out, F4 (Line Drive, 4, EV 69.4 MPH)
|
| Bottom of the 2nd over - 0 runs, 0 hits, 0 errors, 1 left on base; Boise 0 - Cincinnati (NYP) 3 |
| TOP OF THE 3RD |
|
Boise Hawks batting - Pitching for Cincinnati (NYP) Reds : LHP Brett Grijalva
|
|
Batting: RHB Willie Benito
|
0-0: Called Strike 0-1: Ground out 3-1 (Groundball, 34S, EV 85.0 MPH)
|
|
Batting: RHB Gashie Chimsima
|
0-0: Ball 1-0: Called Strike 1-1: Foul Ball, location: 2F 1-2: Strikes out swinging
|
|
Batting: RHB Aaron Burnet
|
0-0: Called Strike 0-1: Foul Ball, location: 2F 0-2: Ball 1-2: Foul Ball, location: 2F 1-2: Foul Ball, location: 2F 1-2: Foul Ball, location: 2F 1-2: Ball 2-2: Strikes out swinging
|
| Top of the 3rd over - 0 runs, 0 hits, 0 errors, 0 left on base; Boise 0 - Cincinnati (NYP) 3 |
| BOTTOM OF THE 3RD |
|
Cincinnati (NYP) Reds batting - Pitching for Boise Hawks : RHP Julio Marquez
|
|
Batting: LHB Brian Dickeson
|
0-0: Ball 1-0: Ball 2-0: Ball 3-0: Base on Balls
|
|
Batting: SHB Tim Utz
|
0-0: Ball 1-0: Called Strike 1-1: Foul Ball, location: 2F 1-2: Foul Ball, location: 2F 1-2: Strikes out swinging
|
|
Batting: SHB Cesar Pelayo
|
0-0: Foul Ball, location: 2F 0-1: Ball 1-1: Ball 2-1: Foul Ball, location: 2F 2-2: Foul Ball, location: 2F 2-2: Strikes out swinging
|
|
Pitching: RHP Dan Hoffman
|
|
|
Batting: RHB Tony Diaz
|
0-0: Ball 1-0: Ball 2-0: Fly out, F7 (Flyball, 7S, EV 95.6 MPH)
|
| Bottom of the 3rd over - 0 runs, 0 hits, 0 errors, 1 left on base; Boise 0 - Cincinnati (NYP) 3 |
| TOP OF THE 4TH |
|
Boise Hawks batting - Pitching for Cincinnati (NYP) Reds : LHP Brett Grijalva
|
|
Batting: LHB Jerry Santana
|
0-0: SINGLE (Groundball, 4MD, EV 94.4 MPH)
|
|
Batting: SHB Justin Jackson
|
0-0: Grounds into double play, 6-4-3 (Groundball, 6, EV 91.2 MPH)
|
|
Batting: RHB Andy Rayer
|
0-0: Called Strike 0-1: Ball 1-1: Ball 2-1: SINGLE (Line Drive, 6D, EV 98.1 MPH)
|
|
Batting: SHB Chris Besselman
|
0-0: Swinging Strike 0-1: Ball 1-1: Swinging Strike 1-2: Ball 2-2: Foul Ball, location: 2F 2-2: Foul Ball, location: 2F 2-2: Foul Ball, location: 2F 2-2: Foul Ball, location: 2F 2-2: Ball 3-2: Strikes out swinging
|
| Top of the 4th over - 0 runs, 2 hits, 0 errors, 1 left on base; Boise 0 - Cincinnati (NYP) 3 |
| BOTTOM OF THE 4TH |
|
Cincinnati (NYP) Reds batting - Pitching for Boise Hawks : RHP Dan Hoffman
|
|
Batting: RHB Yasusaburo Kuwahara
|
0-0: Ball 1-0: Ball 2-0: Ball 3-0: Base on Balls
|
|
Batting: LHB Akira Yamano
|
0-0: Ball 1-0: Fly out, F9 (Flyball, 9D, EV 90.6 MPH)
|
|
Batting: RHB R.J. Romberg
|
0-0: Ball Yasusaburo Kuwahara steals 2nd base 1-0: Ball 2-0: Foul Ball, location: 2F 2-1: Ball 3-1: Fly out, F7 (Flyball, 7LSF, EV 94.4 MPH)
|
|
Batting: RHB Randy Grewe
|
0-0: Called Strike 0-1: Ball 1-1: Ball 2-1: Swinging Strike 2-2: Ball 3-2: Base on Balls
|
|
Batting: RHB Cyd Carver
|
0-0: Ball 1-0: Ball 2-0: Foul Ball, location: 2F 2-1: Ball 3-1: Swinging Strike 3-2: TRIPLE (Flyball, 8LXD, EV 91.2 MPH) Yasusaburo Kuwahara scores Randy Grewe scores
|
|
Batting: LHB Brian Dickeson
|
0-0: Ball 1-0: Called Strike 1-1: Ball 2-1: Called Strike 2-2: Ball 3-2: Base on Balls
|
|
Batting: SHB Tim Utz
|
0-0: Ball 1-0: Fly out, F9 (Flyball, 89M, EV 81.2 MPH)
|
| Bottom of the 4th over - 2 runs, 1 hit, 0 errors, 2 left on base; Boise 0 - Cincinnati (NYP) 5 |
| TOP OF THE 5TH |
|
Boise Hawks batting - Pitching for Cincinnati (NYP) Reds : LHP Brett Grijalva
|
|
Batting: RHB Wali Mulogo
|
0-0: Ball 1-0: Ball 2-0: Called Strike 2-1: Called Strike 2-2: Ball 3-2: Ground out 2-3 (Groundball, 15S, EV 68.1 MPH)
|
|
Batting: LHB Georges Lambert
|
0-0: Called Strike 0-1: Foul Ball, location: 2F 0-2: Strikes out swinging
|
|
Batting: RHB Willie Benito
|
0-0: Called Strike 0-1: Ground out 5-3 (Groundball, 56S, EV 86.9 MPH)
|
| Top of the 5th over - 0 runs, 0 hits, 0 errors, 0 left on base; Boise 0 - Cincinnati (NYP) 5 |
| BOTTOM OF THE 5TH |
|
Cincinnati (NYP) Reds batting - Pitching for Boise Hawks : RHP Dan Hoffman
|
|
Batting: SHB Cesar Pelayo
|
0-0: Ball 1-0: Ball 2-0: Ball 3-0: Foul Ball, location: 2F 3-1: Called Strike 3-2: Base on Balls
|
|
Batting: RHB Tony Diaz
|
0-0: SINGLE (Groundball, 56D, EV 99.4 MPH) Cesar Pelayo to second
|
|
Batting: RHB Yasusaburo Kuwahara
|
0-0: Ball 1-0: Called Strike 1-1: SINGLE (Groundball, 5D, EV 104.4 MPH) Cesar Pelayo to third Tony Diaz to second
|
|
Batting: LHB Akira Yamano
|
0-0: Fielders Choice at 2nd, 4-6 (Groundball, 4D, EV 101.2 MPH) Cesar Pelayo scores Tony Diaz to third
|
|
Batting: RHB R.J. Romberg
|
0-0: Foul Ball, location: 2F 0-1: Foul Ball, location: 2F 0-2: Ball 1-2: Hit by Pitch Akira Yamano to second
|
|
Pinch Runner at 1st Jason Pirkle:
|
|
|
Batting: RHB Randy Grewe
|
0-0: Ball 1-0: Ball 2-0: Called Strike 2-1: Hit by Pitch Tony Diaz scores Akira Yamano to third Jason Pirkle to second
|
|
Batting: RHB Cyd Carver
|
0-0: Foul Ball, location: 2F 0-1: Fielders Choice at 2nd, 5-4 (Groundball, 56, EV 94.4 MPH) Akira Yamano scores Jason Pirkle to third
|
|
Batting: LHB Brian Dickeson
|
0-0: Ball 1-0: Foul Ball, location: 2F 1-1: Ball Balk! Jason Pirkle scores Cyd Carver to second 2-1: 2-RUN HOME RUN (Flyball, 89XD, EV 112.5 MPH), Distance : 445 ft
|
|
Pitching: RHP Wei-fang Ping
|
|
|
Batting: SHB Tim Utz
|
0-0: Foul Ball, location: 2F 0-1: Fly out, F5 (Popup, 5SF, EV 75.6 MPH)
|
| Bottom of the 5th over - 6 runs, 3 hits, 0 errors, 0 left on base; Boise 0 - Cincinnati (NYP) 11 |
| TOP OF THE 6TH |
|
Boise Hawks batting - Pitching for Cincinnati (NYP) Reds : LHP Brett Grijalva
|
|
Now in CF: Jason Pirkle
|
|
|
Batting: RHB Gashie Chimsima
|
0-0: Swinging Strike 0-1: TRIPLE (Groundball, 5L, EV 108.8 MPH)
|
|
Batting: RHB Aaron Burnet
|
0-0: Foul Ball, location: 2F 0-1: Called Strike 0-2: Ball 1-2: Strikes out swinging
|
|
Batting: LHB Jerry Santana
|
0-0: Foul Ball, location: 2F 0-1: Ball 1-1: Called Strike 1-2: Foul Ball, location: 2F 1-2: Ball 2-2: Ball 3-2: Base on Balls
|
|
Batting: SHB Justin Jackson
|
0-0: Called Strike Jerry Santana steals 2nd base 0-1: Ball 1-1: Foul Ball, location: 2F 1-2: Ball 2-2: SINGLE (Line Drive, 89S, EV 105.6 MPH) Gashie Chimsima scores Jerry Santana to third
|
|
Batting: RHB Andy Rayer
|
0-0: Ball Justin Jackson is caught stealing 2nd base 2-4 1-0: Called Strike 1-1: Swinging Strike 1-2: Foul Ball, location: 2F 1-2: Strikes out looking
|
| Top of the 6th over - 1 run, 2 hits, 0 errors, 1 left on base; Boise 1 - Cincinnati (NYP) 11 |
| BOTTOM OF THE 6TH |
|
Cincinnati (NYP) Reds batting - Pitching for Boise Hawks : RHP Wei-fang Ping
|
|
Batting: SHB Cesar Pelayo
|
0-0: Ball 1-0: SINGLE (Line Drive, 34, EV 95.6 MPH)
|
|
Batting: RHB Tony Diaz
|
0-0: Ball 1-0: Ball 2-0: Fielders Choice at 2nd, 6-4 (Groundball, 6, EV 82.5 MPH)
|
|
Batting: RHB Yasusaburo Kuwahara
|
0-0: Foul Ball, location: 2F 0-1: Ball Wild Pitch! Tony Diaz to second 1-1: Ball 2-1: Foul Ball, location: 2F 2-2: Foul Ball, location: 2F 2-2: Ball 3-2: Foul Ball, location: 2F 3-2: SINGLE (Flyball, 34D, EV 85.0 MPH) Tony Diaz to third
|
|
Batting: LHB Akira Yamano
|
0-0: SINGLE (Groundball, 4D, EV 103.8 MPH) Tony Diaz scores Yasusaburo Kuwahara to second Runner from 2nd tries for 3rd, SAFE, throw by RF made to third Akira Yamano to second
|
|
Batting: LHB Jason Pirkle
|
Balk! Yasusaburo Kuwahara scores Akira Yamano to third 0-0: Ground out 1-3 (Groundball, 13S, EV 73.8 MPH)
|
|
Batting: RHB Randy Grewe
|
0-0: Called Strike 0-1: Ground out U3 (Groundball, 3, EV 100.6 MPH)
|
| Bottom of the 6th over - 2 runs, 3 hits, 0 errors, 1 left on base; Boise 1 - Cincinnati (NYP) 13 |
| TOP OF THE 7TH |
|
Boise Hawks batting - Pitching for Cincinnati (NYP) Reds : LHP Brett Grijalva
|
|
Batting: SHB Chris Besselman
|
0-0: Ball 1-0: Called Strike 1-1: TRIPLE (Flyball, 8RXD, EV 97.5 MPH)
|
|
Batting: RHB Wali Mulogo
|
0-0: Called Strike 0-1: Ball 1-1: Ball 2-1: Swinging Strike 2-2: Strikes out swinging
|
|
Batting: LHB Georges Lambert
|
0-0: Ball 1-0: Foul Ball, location: 2F 1-1: Fly out, F8 (Line Drive, 8LD, EV 88.8 MPH)
|
|
Pitching: RHP Jaime Kijowski
|
|
|
Batting: RHB Willie Benito
|
0-0: Ball 1-0: Swinging Strike 1-1: Foul Ball, location: 2F 1-2: Ball 2-2: Ball 3-2: Foul Ball, location: 2F 3-2: Base on Balls
|
|
Batting: RHB Gashie Chimsima
|
0-0: Foul Ball, location: 2F 0-1: Ball 1-1: Ball 2-1: Ball Willie Benito steals 2nd base (no throw) 3-1: Base on Balls
|
|
Pinch Hitting: RHB Brent Montagano
|
0-0: Fly out, F8 (Line Drive, 8LM, EV 93.1 MPH)
|
| Top of the 7th over - 0 runs, 1 hit, 0 errors, 3 left on base; Boise 1 - Cincinnati (NYP) 13 |
| BOTTOM OF THE 7TH |
|
Cincinnati (NYP) Reds batting - Pitching for Boise Hawks : RHP Wei-fang Ping
|
|
Now in CF: Ighlas Mwara
|
|
|
Batting: RHB Cyd Carver
|
0-0: Ball 1-0: Foul Ball, location: 2F 1-1: Hit by Pitch
|
|
Pinch Hitting: LHB Jon Goddard
|
0-0: Grounds into double play, 4-6-3 (Groundball, 34, EV 108.8 MPH)
|
|
Batting: SHB Tim Utz
|
0-0: Called Strike 0-1: Ball 1-1: Ball 2-1: Ball 3-1: Base on Balls
|
|
Batting: SHB Cesar Pelayo
|
0-0: Ball 1-0: Fly out, F8 (Flyball, 8RD, EV 83.1 MPH)
|
| Bottom of the 7th over - 0 runs, 0 hits, 0 errors, 1 left on base; Boise 1 - Cincinnati (NYP) 13 |
| TOP OF THE 8TH |
|
Boise Hawks batting - Pitching for Cincinnati (NYP) Reds : RHP Jaime Kijowski
|
|
Now in RF: Jon Goddard
|
|
|
Batting: LHB Jerry Santana
|
0-0: Swinging Strike 0-1: Swinging Strike 0-2: Ball 1-2: Strikes out swinging
|
|
Batting: SHB Justin Jackson
|
0-0: Ball 1-0: Ball 2-0: SINGLE (Groundball, 34D, EV 107.5 MPH) (infield hit)
|
|
Batting: RHB Andy Rayer
|
0-0: Ball 1-0: Called Strike 1-1: Ball 2-1: Swinging Strike 2-2: Strikes out swinging
|
|
Batting: SHB Chris Besselman
|
0-0: Ball 1-0: Ball 2-0: Ball 3-0: Base on Balls Justin Jackson to second
|
|
Batting: RHB Wali Mulogo
|
0-0: Ball 1-0: Ball 2-0: Ball 3-0: Base on Balls Justin Jackson to third Chris Besselman to second
|
|
Batting: LHB Georges Lambert
|
0-0: Called Strike 0-1: Ball 1-1: Swinging Strike 1-2: Ball Passed Ball! Justin Jackson scores Chris Besselman to third Wali Mulogo to second 2-2: Ground out 4-3 (Groundball, 4M, EV 83.8 MPH)
|
| Top of the 8th over - 1 run, 1 hit, 0 errors, 2 left on base; Boise 2 - Cincinnati (NYP) 13 |
| BOTTOM OF THE 8TH |
|
Cincinnati (NYP) Reds batting - Pitching for Boise Hawks : RHP Wei-fang Ping
|
|
Pinch Hitting: RHB Jon Conklin
|
0-0: Ball 1-0: Called Strike 1-1: Foul Ball, location: 2F 1-2: Ball 2-2: Ball 3-2: Strikes out looking
|
|
Batting: RHB Yasusaburo Kuwahara
|
0-0: Ball 1-0: Called Strike 1-1: Foul Ball, location: 2F 1-2: Foul Ball, location: 2F 1-2: Strikes out swinging
|
|
Batting: LHB Akira Yamano
|
0-0: Foul Ball, location: 2F 0-1: Swinging Strike 0-2: Ball 1-2: Foul Ball, location: 2F 1-2: Ball 2-2: SOLO HOME RUN (Flyball, 9D, EV 100.6 MPH), Distance : 395 ft
|
|
Batting: LHB Jason Pirkle
|
0-0: Ground out 6-3 (Groundball, 6, EV 83.8 MPH)
|
| Bottom of the 8th over - 1 run, 1 hit, 0 errors, 0 left on base; Boise 2 - Cincinnati (NYP) 14 |
| TOP OF THE 9TH |
|
Boise Hawks batting - Pitching for Cincinnati (NYP) Reds : RHP Jaime Kijowski
|
|
Now in LF: Kristian Kristensen
|
|
|
Pinch Hitting: SHB Rich McDonald
|
0-0: Ball 1-0: Called Strike 1-1: Ball 2-1: Ball 3-1: Base on Balls
|
|
Pitching: RHP Calisto Morda
|
|
|
Batting: RHB Gashie Chimsima
|
0-0: Swinging Strike 0-1: Ball 1-1: Ball 2-1: Foul Ball, location: 2F 2-2: Foul Ball, location: 2F 2-2: Foul Ball, location: 2F 2-2: Foul Ball, location: 2F 2-2: Ball 3-2: Strikes out swinging
|
|
Pinch Hitting: SHB Brad Madden
|
0-0: Swinging Strike 0-1: Foul Ball, location: 2F 0-2: Strikes out swinging
|
|
Batting: LHB Jerry Santana
|
0-0: Swinging Strike 0-1: Ball 1-1: Ball 2-1: Swinging Strike Balk! Rich McDonald to second 2-2: Strikes out swinging
|
| Top of the 9th over - 0 runs, 0 hits, 0 errors, 1 left on base; Boise 2 - Cincinnati (NYP) 14 |
|